 Dungeon Crawl Stone Soup version 0.27-a0-1548-gf8a67e7463 (webtiles) character file.

Game seed: 9703064996257243383

276 PentaManta the Covert (level 6, -2/39 HPs)
             Began as an Octopode Brigand on July 14, 2021.
             Slain by Blork the orc (12 damage)
             ... on level 4 of the Dungeon.
             The game lasted 00:04:58 (3681 turns).

PentaManta the Covert (Octopode Brigand)            Turns: 3681, Time: 00:04:58

Health: -2/39      AC:  1    Str: 11    XL:     6   Next: 25%
Magic:  6/6        EV: 14    Int: 13    God:
Gold:   123        SH:  0    Dex: 15    Spells: 5/5 levels left

rFire    . . .     SeeInvis .   a - +2 dagger
rCold    . . .     Faith    .   (no shield)
rNeg     . . .     Spirit   .   (helmet restricted)
rPois    .         Reflect  .   (no amulet)
rElec    .         Harm     .   (no ring)
rCorr    .         Rampage  .   (no ring)
Will     .....                  (no ring)
Stlth    +++++.....             (no ring)
HPRegen  0.13/turn              (no ring)
MPRegen  0.10/turn              (no ring)
                                (no ring)
                                (no ring)

@: no status effects
A: almost no armour, amphibious, 8 rings, camouflage 1, gelatinous body 1,
(nimble swimmer 1), tentacles
a: no special abilities


You were on level 4 of the Dungeon.
You visited 1 branch of the dungeon, and saw 4 of its levels.

You collected 123 gold pieces.

Inventory:

Hand Weapons
 a - a +2 dagger (weapon)
 q - a +0 hunting sling
Missiles
 b - 8 poisoned darts (quivered)
 c - 2 curare-tipped darts
Jewellery
 n - a ring of flight
 p - a ring of willpower
Scrolls
 f - a scroll of enchant weapon {unknown}
 g - a scroll of noise {unknown}
 h - a scroll of identify {unknown}
 l - 2 scrolls of fear {unknown}
 m - 3 scrolls of teleportation {unknown}
 o - a scroll of acquirement {unknown}
Potions
 d - a potion of degeneration {unknown}
 e - 2 potions of heal wounds {unknown}
 i - 2 potions of flight {unknown}
 j - 2 potions of curing {unknown}
 k - a potion of mutation {unknown}


   Skills:
 - Level 2.0 Fighting
 - Level 2.0 Short Blades
 - Level 2.0 Throwing
 + Level 4.2 Dodging
 + Level 8.2 Stealth


You had 5 spell levels left.
You didn't know any spells.
Your spell library was empty.

Dungeon Overview and Level Annotations

Branches:
Dungeon (4/15)
 Temple: D:4-7

Altars:

Shops:
D:1 !

Annotations:
D:4 Blork the orc


Innate Abilities, Weirdness & Mutations

You cannot wear most types of armour.
You are amphibious.
You can wear up to eight rings at the same time.
Your skin changes colour to match your surroundings (Stealth+).
Your rubbery body absorbs attacks. (AC +1, EV +1)
((You are camouflaged near water. (Stealth+)))
You have tentacles for arms and can constrict up to eight enemies at once.


Message History

You hit the hound. Your grab misses the hound.
The hound is moderately wounded.
The hound bites you.
You hit the hound. You grab the hound.
The hound is heavily wounded.
You constrict the hound. The hound closely misses you.
You hit the hound. You squeeze the hound.
You kill the hound!
You see here a hound corpse.
There is a stone staircase leading down, spattered with blood here.
You start resting.
HP restored.
You climb downwards.
Level annotation: Blork the orc Blork the orc looks satisfied for a moment.
There is a stone staircase leading up here.
Blork the orc screams, "I'm going to kill you!"
Blork the orc zaps a wand.
The puff of flame misses you.
You hit Blork the orc. You grab Blork the orc.
Blork the orc is lightly wounded.
You constrict Blork the orc.
Blork the orc zaps a wand.
The puff of flame hits you.
You hit Blork the orc.
Blork the orc is lightly wounded.
You constrict Blork the orc.
Blork the orc zaps a wand.
The puff of flame hits you!
You hit Blork the orc but do no damage.
Blork the orc is lightly wounded.
You constrict Blork the orc.
Blork the orc gestures at you while chanting.
The puff of frost hits you!
* * * LOW HITPOINT WARNING * * *
You hit Blork the orc.
Blork the orc is moderately wounded.
You constrict Blork the orc. Blork the orc completely misses you.
You hit Blork the orc.
Blork the orc is heavily wounded.
You constrict Blork the orc.
Blork the orc hits you with a +0 long sword!
You die...

..........
...........
..........#
..........#
..........#
..........#
.......o..#
........@.######+##
...................
...................#
...........<.......#
...................#
...................#
...................#
.....$.............#
.............รท.....#


You could see Blork the orc.

Vanquished Creatures
  An ogre (D:3)
  A hound (D:3)
  Natasha (D:4)
  6 adders
  A worm (D:3)
  2 dart slugs
  An orc (D:3)
  4 endoplasms
  6 giant cockroaches
  2 goblins
  4 hobgoblins
  15 jackals
  7 kobolds
  4 quokkas
  5 ball pythons
  4 bats
  6 frilled lizards
  5 rats
75 creatures vanquished.

Notes
Turn   | Place    | Note
-------+----------+-------------------------------------------
     0 | D:1      | PentaManta the Octopode Brigand began the quest for the
                  | Orb.
     0 | D:1      | Reached XP level 1. HP: 14/14 MP: 1/1
   208 | D:1      | Found Emezxop's Distillery.
   458 | D:1      | Reached XP level 2. HP: 16/19 MP: 2/2
   926 | D:1      | You fall into a shaft and drop 1 floor!
  1000 | D:1      | Reached skill level 6 in Stealth
  1011 | D:1      | Reached XP level 3. HP: 19/24 MP: 3/3
  1993 | D:2      | Reached XP level 4. HP: 29/29 MP: 4/4
  2434 | D:3      | Found a faded altar of an unknown god.
  2604 | D:3      | Noticed an ogre
  2611 | D:3      | Killed an ogre
  2612 | D:3      | Reached skill level 7 in Stealth
  2612 | D:3      | Reached XP level 5. HP: 34/34 MP: 5/5
  3445 | D:4      | Reached XP level 6. HP: 34/39 MP: 6/6
  3521 | D:4      | Noticed Natasha
  3533 | D:4      | Killed Natasha
  3534 | D:4      | Reached skill level 8 in Stealth
  3544 | D:4      | Noticed Blork the orc
  3681 | D:4      | Slain by Blork the orc

Illustrated notes

Levels and vault maps discovered:
D:1:      giann_bridges, layout_basic, serial_shops, shop
D:2:      layout_rooms
D:3:      layout_basic, hellmonk_ecumenical_altar_dog_temple,
          wander_ebering_terrifying_dragon_lair
D:4:      layout_gridville, mainiacjoe_overflow_alcove_1,
          minmay_temple_entry_glass, uniq_blork_the_orc, uniq_natasha

Skill      XL: |  1  2  3  4  5  6 |
---------------+-------------------+-----
Dodging        | 2 3 4 |  4.2
Stealth        | 6 7 8 |  8.2
Fighting       | |  2.0
Short Blades   | |  2.0
Throwing       | |  2.0

Action                   |  1- 3 |  4- 6 || total
-------------------------+-------+-------++-------
Melee: Dagger            |    84 |    90 ||   174
       Constrict         |    21 |    23 ||    44
       Tentacles         |    13 |    14 ||    27
 Stab: Sleeping          |     3 |     9 ||    12
Armor: Skin              |     3 |     3 ||     6
Dodge: Dodged            |    55 |    81 ||   136

Table legend: (Time is in decaauts)
 A = Elapsed time spent in this place.
 B = Non-inter-level travel time spent in this place.
 C = Inter-level travel time spent in this place.
 D = Time resting spent in this place.
 E = Time spent auto-exploring this place.
 F = Levels seen in this place.
 G = Mean time per level.
                   A        B        C        D        E       F      G
               +--------+--------+--------+--------+--------+-----+--------+
         Total |   3669 |   3556 |    113 |    532 |   2486 |   4 |  917.2 |
       Dungeon |   3669 |   3556 |    113 |    532 |   2486 |   4 |  917.2 |
               +--------+--------+--------+--------+--------+-----+--------+

Top non-repeatable levels by time:
     D:1: 1374 daAuts
     D:3: 1201 daAuts
     D:2: 958 daAuts
     D:4: 135 daAuts
